 Dungeon Crawl Stone Soup version 0.23.0-28-g6fe0f4d (webtiles) character file.

Game seed: 2399228967448595940

31 night the Insei (level 3, -8/26 HPs)
             Began as a Demonspawn Transmuter on Feb 25, 2019.
             Mangled by Sigmund
             ... wielding a +0 scythe
              (10 damage)
             ... on level 2 of the Dungeon.
             The game lasted 00:03:18 (1272 turns).

night the Insei (Demonspawn Transmuter)             Turns: 1272, Time: 00:03:19

Health: -8/26      AC:  4    Str: 10    XL:     3   Next: 7%
Magic:  6/6        EV: 12    Int: 15    God:
Gold:   53         SH:  0    Dex: 13    Spells: 3/6 levels left

rFire    . . .     SeeInvis .     - Unarmed
rCold    . . .     Gourm    .   (no shield)
rNeg     . . .     Faith    .   b - +0 robe
rPois    .         Spirit   .   (no helmet)
rElec    .         Reflect  .   (no cloak)
rCorr    .         Harm     .   (no gloves)
MR       .....                  (no boots)
Stlth    +.........             (no amulet)
HPRegen  0.08/turn              (no ring)
MPRegen  0.10/turn              (no ring)

@: confused
A: yellow scales 1, spiny 1
a: no special abilities


You were on level 2 of the Dungeon.
You were not hungry.

You visited 1 branch of the dungeon, and saw 2 of its levels.

You collected 53 gold pieces.

Inventory:

Missiles
 a - 12 arrows
Armour
 b - a +0 robe (worn)
Potions
 c - a potion of resistance {unknown}
Comestibles
 d - a ration


   Skills:
 - Level 1.0 Fighting
 - Level 1.7 Dodging
 + Level 3.9 Unarmed Combat
 - Level 2.0 Spellcasting
 - Level 1.7 Transmutations


You had 3 spell levels left.
You knew the following spells:

 Your Spells              Type           Power        Failure   Level  Hunger
a - Beastly Appendage     Tmut           #.....       11%         1    #......
b - Sticks to Snakes      Tmut           #.......     16%         2    ###....

Your spell library contained the following spells:

 Spells                   Type           Power        Failure   Level  Hunger
 Spider Form              Tmut/Pois      #.........   43%         3    ###....
 Ice Form                 Ice/Tmut       #.......     83%         4    #####..
 Blade Hands              Tmut           #.........   96%         5    ######.


Dungeon Overview and Level Annotations

Branches:
Dungeon (2/15)

Altars:

Annotations:
D:2 Sigmund


Innate Abilities, Weirdness & Mutations

You are partially covered in yellow scales. (AC +2)
You are partially covered in sharp spines.


Message History

You closely miss the hobgoblin.
A bat comes into view.
The hobgoblin is struck by your spines.
The hobgoblin hits you but does no damage.
The bat moves out of view.
You hit the hobgoblin but do no damage.
The hobgoblin is heavily wounded.
You are confused.
The hobgoblin is struck by your spines. The hobgoblin closely misses you.
Something hits you.
* * * LOW HITPOINT WARNING * * *
The hobgoblin is struck by your spines. The hobgoblin hits you with a +0 club.
* * * LOW HITPOINT WARNING * * *
You see here a scroll labeled ETYWETHR ULEST.
You bump into the rock wall.
The bat hits you.
* * * LOW HITPOINT WARNING * * *
The hobgoblin is struck by your spines.
You kill the hobgoblin!
The bat hits you but does no damage. Something hits you!
You die...

#......################.)).##
. #....#..#### ####(<##. #...
##....## ##.... #.. ####..##
##..# ## ##..# #... ##.##
#.#. #..## ..#. ##..## ...
##@?# ..#. ##b# .K . #..# ...
.# ##... .... ....# ....#
...>#


You could see a bat.

Vanquished Creatures
  A gnoll (D:1)
  A worm (D:2)
  A leopard gecko (D:1)
  3 bats (D:1)
  A giant cockroach (D:1)
  A goblin (D:2)
  A hobgoblin (D:2)
  2 frilled lizards (D:1)
  4 kobolds
  4 rats (D:1)
19 creatures vanquished.

Notes
Turn   | Place    | Note
-------+----------+-------------------------------------------
     0 | D:1      | night the Demonspawn Transmuter began the quest for the
                  | Orb.
     0 | D:1      | Reached XP level 1. HP: 15/15 MP: 3/3
   343 | D:1      | Reached skill level 3 in Unarmed Combat
   450 | D:1      | Gained mutation: You are partially covered in yellow
                  | scales. (AC +2) [demonic ancestry]
   450 | D:1      | Reached XP level 2. HP: 6/21 MP: 3/5
   883 | D:1      | Learned a level 2 spell: Sticks to Snakes
  1225 | D:2      | Gained mutation: You are partially covered in sharp spines.
                  | [demonic ancestry]
  1225 | D:2      | Reached XP level 3. HP: 16/26 MP: 6/6
  1227 | D:2      | Noticed Sigmund
  1272 | D:2      | Mangled by Sigmund

Skill      XL: |  1 |
---------------+----+-----
Unarmed Combat | 3 |  3.9
Fighting       | |  1.0
Dodging        | |  1.7
Spellcasting   | |  2.0
Transmutations | |  1.7

Action                   || total
-------------------------++-------
Melee: Unarmed           ||    84
       Headbutt          ||     1
       Kick              ||     1
 Cast: Beastly Appendage ||     2
  Use: Scroll            ||     1
 Stab: Sleeping          ||     2
  Eat: Chunk             ||     1
Armor: Robe              ||    25
Dodge: Dodged            ||    55
